 Dungeon Crawl Stone Soup version 0.30-a0-347-gf58ed5266c (webtiles) character file.

Game seed: 16187428574137558718

43 themarg the Caller (level 3, -1/24 HPs)
             Began as a Merfolk Summoner on Nov 6, 2022.
             Splashed by a jelly's acid (4 damage)
             ... on level 2 of the Dungeon.
             The game lasted 00:06:36 (1459 turns).

themarg the Caller (Merfolk Summoner)               Turns: 1459, Time: 00:06:37

Health: -1/24      AC: -1    Str:  8    XL:     3   Next: 58%
Magic:  0/6        EV: 12    Int: 16    God:
Gold:   86         SH:  0    Dex: 14    Spells: 3/7 levels left

rFire   . . .      SeeInvis .    q - +0 dagger (vamp)
rCold   . . .      Faith    .    (no shield)
rNeg    . . .      Spirit   .    a - +0 robe
rPois   .          Reflect  .    (no helmet)
rElec   .          Harm     .    (no cloak)
rCorr   .          Rampage  .    f - +0 pair of gloves
Will    .....                    (no boots)
Stlth   ++........               (no amulet)
HPRegen 0.24/turn                (no ring)
MPRegen 0.10/turn                (no ring)

@: corroded, very slightly contaminated
A: (nimble swimmer 2), mertail
a: no special abilities


You were on level 2 of the Dungeon.
You visited 1 branch of the dungeon, and saw 2 of its levels.

You collected 86 gold pieces.

Inventory:

Hand Weapons
 q - a +0 vampiric dagger (weapon)
Missiles
 e - 6 curare-tipped darts
 g - 15 stones
 m - 6 poisoned darts
Armour
 a - a +0 robe (worn)
 f - a +0 pair of gloves (worn)
Scrolls
 j - a scroll of fog {unknown}
 k - a scroll of magic mapping {unknown}
 o - a scroll of acquirement {unknown}
 p - a scroll of noise {unknown}
Potions
 b - a potion of magic
 d - a potion of attraction {unknown}
 h - 3 potions of curing {unknown}
 l - a potion of invisibility {unknown}
 n - 2 potions of lignification {unknown}


   Skills:
 - Level 2.6 Dodging
 - Level 3.0 Stealth
 + Level 2.6 Spellcasting
 * Level 4.5 Summonings


You had 3 spell levels left.
You knew the following spells:

 Your Spells              Type           Power      Damage    Failure   Level
a - Summon Small Mammal   Summ           64%        N/A       3%          1
b - Call Canine Familiar  Summ           16%        N/A       9%          3

Your spell library contained the following spells:

 Spells                   Type           Power      Damage    Failure   Level
 Call Imp                 Summ           16%        N/A       4%          2
 Summon Guardian Golem    Hex/Summ       9%         N/A       22%         3
 Summon Lightning Spire   Summ/Air       9%         N/A       58%         4


Dungeon Overview and Level Annotations

Branches:
Dungeon (2/15)

Altars:


Innate Abilities, Weirdness & Mutations

((You are very nimble when in or above water. (Stealth+, EV+, Speed+++)))
Your lower body shifts to a powerful aquatic tail in water.


Message History

Casting: Call Canine Familiar (quite dangerous; 10% risk of failure)
Confirm with . or Enter, or press ? or * to list all spells.
The spell is quite dangerous to miscast (10% risk of failure)!
Continue anyway?
Your giant cockroach bites the jelly.
Your giant cockroach is burned by acid!
Your giant cockroach dies!
Your giant cockroach's corpse dissolves into shadows!
The endoplasm hits your endoplasm.
The endoplasm hits the fungus.
The fungus begins to die.
Your endoplasm hits the endoplasm. The endoplasm barely misses you.
The nameless horror hits you.
You hit the nameless horror.
The nameless horror is lightly damaged.
Your quokka bites the endoplasm.
Your hound bites the nameless horror but does no damage.
The endoplasm barely misses your endoplasm.
The endoplasm hits the fungus.
The endoplasm freezes you.
You are frozen.
Your endoplasm freezes the endoplasm.
The endoplasm is frozen.
The endoplasm dies!
The endoplasm closely misses your quokka.
The nameless horror hits you.
You hit the nameless horror but do no damage.
Your hound bites the nameless horror but does no damage.
Your quokka bites the endoplasm.
The endoplasm dies!
The jelly hits you.
You are splashed with acid!
* * * LOW HITPOINT WARNING * * *
The nameless horror closely misses you.
Your endoplasm hits the endoplasm but does no damage.
Your hound bites the nameless horror but does no damage.
The endoplasm barely misses you.
You hit the nameless horror but do no damage.
Your quokka barely misses the endoplasm.
Your hound barely misses the nameless horror.
The jelly hits you.
* * * LOW HITPOINT WARNING * * *
The acid corrodes you!
You are splashed with acid.
You die...

##########
#.P÷.....[
#...÷.....
#.÷...PJ..
#.r...P.P÷
#.JJP.P..J .
#.JJJ...P. #
#@####### #
##Xh....## #
########)# ##
#....'.r## .#
#....#### .#
#.......# .#
#.......# .#
#.......#
.############
#.......#


You could see a nameless horror (ally target), 2 jellies, 4 endoplasms, a
friendly hound (summoned), a friendly endoplasm (summoned) and a friendly quokka
(summoned).

Vanquished Creatures
  A ball python (D:1)
  2 goblins (D:1)
  A hobgoblin (D:1)
  2 bats
  A kobold (D:2)
  A rat (D:1)
8 creatures vanquished.

Vanquished Creatures (collateral kills)
  2 bats (D:1)
  8 endoplasms
  4 goblins
  A hobgoblin (D:2)
  A ball python (D:2)
  2 frilled lizards (D:1)
  10 kobolds
  A rat (D:1)
29 creatures vanquished.

Vanquished Creatures (others)
  7 toadstools (D:2)
7 creatures vanquished.

Grand Total: 44 creatures vanquished

Notes
Turn   | Place    | Note
-------+----------+-------------------------------------------
     0 | D:1      | themarg the Merfolk Summoner began the quest for the Orb.
     0 | D:1      | Reached XP level 1. HP: 13/13 MP: 3/3
   214 | D:1      | Found a faded altar of an unknown god.
   295 | D:1      | Reached XP level 2. HP: 19/19 MP: 1/5
  1064 | D:2      | Reached XP level 3. HP: 24/24 MP: 3/6
  1094 | D:1      | Learned a level 3 spell: Call Canine Familiar
  1453 | D:2      | Noticed a nameless horror
  1459 | D:2      | Splashed by a jelly's acid

Illustrated notes

Levels and vault maps discovered:
D:1:      saegor_arrival_simple_d, layout_basic, ebering_ecumenical_altar_mist,
          minmay_small_reverse_x
D:2:      cheibrodos_fertilizer, layout_loops_ring, basic_altar, uniq_natasha,
          uniq_terence

Skill      XL: |  1  2  3 |
---------------+----------+-----
Stealth        | 3 |  3.0
Dodging        | |  2.6
Spellcasting   | |  2.6
Summonings     | |  4.5

Action                   || total
-------------------------++-------
Melee: Unarmed           ||     4
       Dagger            ||    41
 Cast: Summon Small Mamm ||    48
       Call Canine Famil ||     3
  Use: Scroll            ||     1
 Stab: Distracted        ||     1
Armor: Robe              ||    11
Dodge: Dodged            ||    42

Table legend: (Time is in decaauts)
 A = Elapsed time spent in this place.
 B = Non-inter-level travel time spent in this place.
 C = Inter-level travel time spent in this place.
 D = Time resting spent in this place.
 E = Time spent auto-exploring this place.
 F = Levels seen in this place.
 G = Mean time per level.
                   A        B        C        D        E       F      G
               +--------+--------+--------+--------+--------+-----+--------+
         Total |   1457 |   1389 |     68 |    395 |    679 |   2 |  728.5 |
       Dungeon |   1457 |   1389 |     68 |    395 |    679 |   2 |  728.5 |
               +--------+--------+--------+--------+--------+-----+--------+

Top non-repeatable levels by time:
     D:1: 1061 daAuts
     D:2: 396 daAuts
